 Dungeon Crawl Stone Soup version 0.27.0-1-g7a089689b8 (webtiles) character file.

Game seed: 13181659536932712102

80 dtburroughs the Skirmisher (level 4, 0/43 HPs)
             Began as a Gargoyle Berserker on Aug 4, 2021.
             Was a Believer of Trog.
             Slain by a gnoll (4 damage)
             ... on level 3 of the Dungeon.
             The game lasted 00:03:51 (2452 turns).

dtburroughs the Skirmisher (Gargoyle Berserker)     Turns: 2452, Time: 00:03:51

Health: 0/43       AC: 14    Str: 21    XL:     4   Next: 39%
Magic:  4/4        EV: 10    Int:  8    God:    Trog [**....]
Gold:   158        SH:  0    Dex:  9    Spells: 3/3 levels left

rFire    . . .     SeeInvis .   a - +0 mace
rCold    + . .     Faith    .   (no shield)
rNeg     + . .     Spirit   .   c - +0 scale mail
rPois    ∞         Reflect  .   (no helmet)
rElec    +         Harm     .   g - +0 cloak
rCorr    .         Rampage  .   (no gloves)
Will     .....                  i - +2 pair of boots
Stlth    ..........             (no amulet)
HPRegen  0.14/turn              m - ring of protection from cold
MPRegen  0.09/turn              (no ring)

@: berserking, very quick
A: sickness immunity, AC +3, negative energy resistance 1, electricity
resistance, torment resistance 1, petrification resistance
a: Renounce Religion, Berserk, Trog's Hand


You were on level 3 of the Dungeon.
You worshipped Trog.
Trog was pleased with you.
You visited 1 branch of the dungeon, and saw 3 of its levels.

You collected 158 gold pieces.

Inventory:

Hand Weapons
 a - a +0 mace (weapon)
Armour
 b - a +0 animal skin
 c - a +0 scale mail (worn)
 g - a +0 cloak (worn)
 i - a +2 pair of boots (worn)
Jewellery
 e - a ring of ice
 m - a ring of protection from cold (left hand)
Scrolls
 d - a scroll of teleportation {unknown}
 f - a scroll of torment {unknown}
 h - 3 scrolls of brand weapon {unknown}
 j - a scroll of blinking {unknown}
 k - a scroll of summoning {unknown}
 l - a scroll of identify {unknown}
Potions
 n - a potion of curing {unknown}


   Skills:
 + Level 3.9 Fighting
 + Level 0.3(2.1) Axes
 * Level 3.7 Maces & Flails
 + Level 2.9 Armour
 + Level 2.2 Dodging


You had 3 spell levels left.
You didn't know any spells.
Your spell library was empty.

Dungeon Overview and Level Annotations

Branches:
Dungeon (3/15)

Altars:
Zin


Innate Abilities, Weirdness & Mutations

You are immune to sickness and miasma.
Your stone body is resilient. (AC +3)
You are immune to poison.
You resist negative energy. (rN+)
You are resistant to electric shocks. (rElec)
You are resistant to unholy torment.
You are immune to petrification.


Message History

Done exploring.
There is a stone staircase leading down here.
You climb downwards.
Found a leather armour and 11 gold pieces.
There is a stone staircase leading up here.
Found a club.
You now have 158 gold pieces (gained 11).
Found a stone staircase leading down.
A dart slug comes into view.
A gnoll comes into view. It is wielding a +0 club.
The gnoll shouts!
You hear a shout!
A gnoll comes into view. It is wielding a +0 whip.
The gnoll shouts!
The dart slug launches a dart at you. The slug dart misses you.
A gnoll comes into view.
It is wielding a +4 flail of protection.
The dart slug bites you but does no damage.
You sock the dart slug!
You kill the dart slug!
Trog accepts your kill.
You closely miss the gnoll. The gnoll hits you with a +0 club.
You barely miss the gnoll. You thump the gnoll!
The gnoll is severely wounded.
You hit the gnoll.
You kill the gnoll!
Trog accepts your kill.
The gnoll hits you with a +4 flail of protection!
The gnoll hits you with a +0 club.
Things that are here:
a +0 whip; a gnoll corpse You completely miss the gnoll.
The gnoll hits you with a +4 flail of protection!
* * * LOW HITPOINT WARNING * * *
The gnoll closely misses you.
A red film seems to cover your vision as you go berserk!
You feel yourself moving faster!
You feel mighty! The gnoll hits you but does no damage.
The gnoll hits you with a +4 flail of protection.
You die...

#### #.. #.#
#######.####
.#####.........g###.#.#
....>...........@g....#
#...........##.###...#
#.###.#####.##.# .# #.#
#.# #.##.. #.# #.#
#.##... #.# #.#
#.##..## ##.###.#
#.##..#
#......#####.##..#
.....<........


You could see 2 gnolls.

Vanquished Creatures
  A gnoll (D:3)
  3 adders (D:2)
  A worm (D:2)
  A dart slug (D:3)
  An endoplasm (D:1)
  A giant cockroach (D:2)
  4 goblins (D:2)
  2 hobgoblins
  9 jackals
  2 kobolds
  4 ball pythons
  3 bats
  A frilled lizard (D:2)
  4 rats
37 creatures vanquished.

Notes
Turn   | Place    | Note
-------+----------+-------------------------------------------
     0 | D:1      | dtburroughs the Gargoyle Berserker began the quest for the
                  | Orb.
     0 | D:1      | Reached XP level 1. HP: 14/14 MP: 1/1
    75 | D:1      | Reached XP level 2. HP: 10/19 MP: 2/2
  1005 | D:1      | Found a faded altar of an unknown god.
  1298 | D:2      | Found a glowing silver altar of Zin.
  1561 | D:2      | Reached XP level 3. HP: 23/23 MP: 3/3
  1991 | D:2      | Reached ** piety under Trog
  2031 | D:2      | Reached XP level 4. HP: 26/29 MP: 4/4
  2452 | D:3      | Slain by a gnoll

Illustrated notes

Levels and vault maps discovered:
D:1:      amcnicky_arrival_double_pillar, layout_basic, basic_ecumenical_altar,
          minmay_pentomino_q4
D:2:      layout_loops_ring, basic_altar, minmay_bisected
D:3:      layout_loops_ring, okawaru_altar_gauntlet_db, due_unseen_surprise

Skill      XL: |  1  2  3 |
---------------+----------+-----
Dodging        | 2 |  2.2
Fighting       | |  3.9
Axes           | |  0.3
Maces & Flails | |  3.7
Armour         | |  2.9

Action                   |  1- 3 |  4- 6 || total
-------------------------+-------+-------++-------
Melee: Mace              |   152 |    18 ||   170
Invok: Berserk           |     3 |     1 ||     4
Armor: Animal skin       |    11 |       ||    11
       Scale mail        |   113 |    10 ||   123
Dodge: Dodged            |   134 |     8 ||   142
